 Dungeon Crawl Stone Soup version 0.31.0-12-g77e489cdc1 (webtiles) character file.

Game seed: 1294919286068457259

1616759 FexLirch the Slayer (level 27, 254/254 HPs)
             Began as an Oni Delver on Feb 27, 2024.
             Was a High Priest of Elyvilon.
             Escaped with the Orb
             ... and 3 runes on Feb 28, 2024!
             The game lasted 07:38:58 (74777 turns).

FexLirch the Slayer (Oni Delver)                   Turns: 74777, Time: 07:38:59

Health: 254/254    AC: 26    Str: 23    XL:     27
Magic:  38/39      EV:  8    Int: 17    God:    Elyvilon [*****.]
Gold:   4124       SH: 21    Dex: 15    Spells: 24/36 levels left

rFire   + + +        k - +9 sacred scourge (holy)
rCold   + . .        e - +2 tower shield {reflect}
rNeg    . . .        t - +5 storm dragon scales {Bai Suzhen}
rPois   .            w - +2 hood of the Assassin {Detect Stab+ Stlth++}
rElec   +            f - +4 dragonskin cloak
rCorr   .            (gloves unavailable)
SInv    +            (boots unavailable)
Will    +++..        j - amulet of Vitality {RegenMP++ Regen++}
Stlth   +            b - ring "Yroawito" {^Drain rF+++ Str-3 Dex+6 SInv}
HPRegen 2.22/turn    V - ring "Hotsetta" {rF+ rC+ Will+ Str-5}
MPRegen 1.06/turn

%: reflection
@: mighty, studying 2 skills
A: large, unfitting armour, horns 1, tough skin 1, double potion healing,
drunken brawling, claws 1, talons 1, clever 1, deformed body, frail 2, subdued
magic 2
0: Orb of Zot
}: 3/15 runes: serpentine, barnacled, abyssal
a: Renounce Religion, Purification, Heal Other, Heal Self, Divine Vigour


You escaped.
You worshipped Elyvilon.
Elyvilon was extremely pleased with you.
You visited 12 branches of the dungeon, and saw 51 of its levels.
You visited the Abyss 2 times.
You also visited: Trove, Gauntlet and Ice Cave.

You collected 6420 gold pieces.
You spent 2296 gold pieces at shops.

Inventory:

Hand Weapons
 k - a +9 sacred scourge of holy wrath (weapon)
Missiles
 g - 26 large rocks (quivered)
 n - 23 poisoned darts
 p - 34 boomerangs
 v - 4 darts of dispersal
 C - 2 atropa-tipped darts
 H - 22 silver javelins
 S - 7 curare-tipped darts
 Z - 6 throwing nets
Armour
 e - a +2 tower shield of reflection (worn)
 f - the +4 dragonskin cloak (worn)
   (You took it off Tiamat on level 3 of the Realm of Zot)

   Avatar's Aegis: It grants the wearer a chance to resist fire, cold, poison,
   electricity, acid, and negative energy.
 t - +5 storm dragon scales (worn) {Bai Suzhen}
 w - the +2 hood of the Assassin (worn) {Detect Stab+ Stlth++}
   (You acquired it on level 3 of the Realm of Zot)

   Detect:    It allows the wearer to sense nearby creatures.
   Stab+:     It allows the wearer to make particularly effective stabbing
   attacks against helpless or unaware enemies with any weapon.
   Stlth++:   It makes you much more stealthy.
 D - a scarf of resistance
 X - a +3 kite shield of protection
Jewellery
 a - the ring "Ypnasoovyss" {Fly rPois rC- Str+7}
   (You found it on level 11 of the Dungeon)

   [ring of flight]

   Str+7:     It affects your strength (+7).
   rC-:       It makes you vulnerable to cold.
   rPois:     It protects you from poison Fly: It grants you flight.
 b - the ring "Yroawito" (left claw) {^Drain rF+++ Str-3 Dex+6 SInv}
   (You found it in a treasure trove)

   [ring of dexterity]

   Str-3:     It affects your strength (-3).
   Dex+6:     It affects your dexterity (+6).
   rF+++:     It renders you almost immune to fire.
   SInv:      It lets you see invisible.
   ^Drain:    It drains your maximum health when unequipped.
 d - the ring "Luynatz" {rF+ rC+ Slay+4 Stlth+}
   (You found it in a treasure trove)

   [ring of slaying]

   Slay+4:    It affects your accuracy & damage with ranged weapons and melee
   (+4).
   rF+:       It protects you from fire.
   rC+:       It protects you from cold.
   Stlth+:    It makes you more stealthy.
 j - the amulet of Vitality (around neck) {RegenMP++ Regen++}
   (You found it on level 2 of the Depths)

   [amulet of magic regeneration]

   RegenMP:   It increases your rate of magic regeneration.
   Regen++:   It increases your rate of health regeneration.
 o - the ring of Sovereignty {rF+ rC- rN+ rCorr}
   (You found it in a treasure trove)

   [ring of protection from fire]

   rF+:       It protects you from fire.
   rC-:       It makes you vulnerable to cold.
   rN+:       It protects you from negative energy.
   rCorr:     It protects you from acid and corrosion.
 F - the ring of Gagatym {rC+ AC+4 Str+2}
   (You found it on level 1 of the Lair of Beasts)

   [ring of protection]

   AC+4:      It affects your AC (+4).
   Str+2:     It affects your strength (+2).
   rC+:       It protects you from cold.
 L - a ring of see invisible
 R - the ring "Mell" {rF++ EV+5 Int-5 Dex+2}
   (You found it in a treasure trove)

   [ring of evasion]

   EV+5:      It affects your evasion (+5).
   Int-5:     It affects your intelligence (-5).
   Dex+2:     It affects your dexterity (+2).
   rF++:      It greatly protects you from fire.
 U - a ring of willpower
 V - the ring "Hotsetta" (right claw) {rF+ rC+ Will+ Str-5}
   (You found it on level 10 of the Dungeon)

   [ring of protection from cold]

   Str-5:     It affects your strength (-5).
   rF+:       It protects you from fire.
   rC+:       It protects you from cold.
   Will+:     It increases your willpower.
 Y - a ring of resist corrosion
Wands
 G - a wand of light (7)
 I - a wand of digging (14)
 J - a wand of roots (35)
Scrolls
 c - 11 scrolls of fog
 h - 8 scrolls of teleportation
 q - a scroll of revelation
 r - 9 scrolls of poison
 u - 5 scrolls of silence
 y - 6 scrolls of noise
 K - 4 scrolls of fear
 M - a scroll of blinking
 N - 2 scrolls of brand weapon
Potions
 i - 2 potions of cancellation
 l - 2 potions of magic
 m - 16 potions of curing
 s - 2 potions of resistance {unknown}
 z - 6 potions of invisibility
 A - 3 potions of berserk rage
 E - 2 potions of might
 O - 5 potions of enlightenment
 P - 2 potions of haste
 Q - a potion of ambrosia
 W - 8 potions of heal wounds
Miscellaneous
 B - a phantom mirror


   Skills:
 + Level 26.3 Fighting
 - Level 9.8(17.9) Axes
 + Level 23.3(25.0) Maces & Flails
 - Level 13.2(19.8) Staves
 - Level 6.0 Throwing
 + Level 17.0 Armour
 - Level 8.0 Dodging
 - Level 3.7 Stealth
 + Level 15.4 Shields
 - Level 5.0 Spellcasting
 + Level 15.0 Translocations
 - Level 5.8 Ice Magic
 + Level 24.9 Invocations


You had 24 spell levels left.
You knew the following spells:

 Your Spells              Type           Power      Damage    Failure   Level
a - Lesser Beckoning      Tloc           68%        N/A       1%          2
b - Ozocubu's Armour      Ice            15%        N/A       28%         3
d - Passage of Golubria   Tloc           34%        N/A       1%          4
m - Blink                 Tloc           68%        N/A       1%          2
u - Foxfire               Conj/Fire      8%         2x1d4     73%         1

Your spell library contained the following spells:

 Spells                   Type           Power      Damage    Failure   Level
 Momentum Strike          Conj/Tloc      36%        3d9       6%          2
 Volatile Blastmotes      Fire/Tloc      36%        2d13      13%         3
 Frozen Ramparts          Ice            30%        1d5       28%         3
 Ensorcelled Hibernation  Hex/Ice        16%        N/A       45%         2
 Dimensional Bullseye     Hex/Tloc       9%         N/A       45%         4
 Iskenderun's Mystic Bla  Conj/Tloc      18%        2d6       45%         4
 Vhi's Electric Charge    Tloc/Air       36%        N/A       45%         4
 Hailstorm                Conj/Ice       8%         3d5       71%         3
 Summon Ice Beast         Ice/Summ       8%         N/A       71%         3
 Magic Dart               Conj           8%         1d3       73%         1
 Slow                     Hex            8%         N/A       73%         1
 Sting                    Conj/Alch      8%         1d3       73%         1
 Summon Forest            Summ/Tloc      9%         N/A       82%         5
 Call Imp                 Summ           4%         N/A       87%         2
 Mercury Vapours          Alch/Air       4%         N/A       87%         2
 Searing Ray              Conj           4%         2d4       87%         2
 Sublimation of Blood     Necr           2%         N/A       87%         2
 Call Canine Familiar     Summ           2%         N/A       98%         3
 Confusing Touch          Hex            2%         N/A       98%         3
 Dazzling Flash           Conj/Hex       4%         N/A       98%         3
 Inner Flame              Hex/Fire       2%         N/A       98%         3
 Mephitic Cloud           Conj/Alch/Air  2%         N/A       98%         3
 Passwall                 Erth           2%         N/A       98%         3
 Sigil of Binding         Hex            2%         N/A       98%         3
 Swiftness                Air            2%         N/A       98%         3
 Tukima's Dance           Hex            2%         N/A       98%         3
 Vampiric Draining        Necr           2%         2d6       98%         3
 Anguish                  Hex/Necr       1%         N/A       100%        4
 Animate Armour           Summ/Erth      4%         N/A       100%        4
 Cause Fear               Hex            1%         N/A       100%        4
 Fulminant Prism          Conj/Alch      1%         3d5       100%        4
 Ignite Poison            Fire/Alch      2%         N/A       100%        4
 Leda's Liquefaction      Alch/Erth      1%         N/A       100%        4
 Olgreb's Toxic Radiance  Alch           2%         N/A       100%        4
 Petrify                  Alch/Erth      2%         N/A       100%        4
 Sticky Flame             Fire/Alch      2%         2d4       100%        4
 Summon Blazeheart Golem  Fire/Summ      2%         N/A       100%        4
 Summon Lightning Spire   Summ/Air       2%         N/A       100%        4
 Arcjolt                  Conj/Air       1%         1d11      100%        5
 Curse of Agony           Necr           2%         N/A       100%        5
 Fireball                 Conj/Fire      1%         3d3       100%        5
 Irradiate                Conj/Alch      1%         3d12      100%        5
 Lee's Rapid Deconstruct  Erth           1%         3d4*      100%        5
 Metabolic Englaciation   Hex/Ice        4%         N/A       100%        5
 Silence                  Hex/Air        1%         N/A       100%        5
 Summon Mana Viper        Hex/Summ       2%         N/A       100%        5
 Yara's Violent Unravell  Hex/Alch       1%         3d3       100%        5
 Bombard                  Conj/Erth      1%         9d1       100%        6
 Plasma Beam              Fire/Air       1%         2x1d11    100%        6
 Sculpt Simulacrum        Ice/Alch       4%         N/A       100%        6
 Starburst                Conj/Fire      1%         6d3       100%        6
 Summon Cactus Giant      Summ           1%         N/A       100%        6
 Enfeeble                 Hex            1%         N/A       100%        7
 Haunt                    Necr/Summ      1%         N/A       100%        7
 Orb of Destruction       Conj           1%         9d5       100%        7
 Ozocubu's Refrigeration  Ice            7%         4d9       100%        7
 Spellforged Servitor     Conj/Summ      1%         N/A       100%        7
 Ignition                 Fire           1%         3d3       100%        8
 Maxwell's Capacitive Co  Air            1%         ∞         100%        8
 Polar Vortex             Ice            7%         12d1*     100%        9


Dungeon Overview and Level Annotations

Branches:
Dungeon (15/15)            Temple (1/1) D:6            Lair (5/5) D:11
 Shoals (4/4) Lair:3        Snake (4/4) Lair:2        Slime (0/5) Lair:5
    Orc (2/2) D:10            Elf (3/3) Orc:2        Vaults (4/5) D:13
  Crypt (3/3) Vaults:3       Tomb (0/3) Crypt:3      Depths (4/4) D:15
   Hell (visited)             Dis (0/7) Hell            Zot (5/5) Depths:4
  IceCv (visited)         Gauntlet (visited)
    Geh: Hell:1         Coc: Hell:1         Tar: Hell:1

Altars:
Ashenzari
Cheibriados
Dithmenos
Elyvilon
Fedhas
Gozag
Hepliaklqana
Kikubaaqudgha
Makhleb
Nemelex Xobeh
Okawaru
Qazlal
Ru
Sif Muna
Trog
Uskayaw
Vehumet
Wu Jian
Xom
Yredelemnul
Zin
The Shining One
Jiyva

Shops:
D:1 ?(*!!   D:5 :   D:11 (   D:12 *   Orc:2 *[:[   Elf:1 (![((   Elf:2 *
Shoals:1 =([   Shoals:3 **   Vaults:1 (   Vaults:2 *   Vaults:3 !   Depths:1 :
Depths:4 [(=*

Portals:
Hell: Depths:1 Depths:2 Depths:3 Depths:4
Abyss: Depths:2 Depths:3
Pandemonium: Depths:2
Ziggurat: Depths:1

Annotations:
D:14 1 exclusion
Lair:4 exclusion: oklob plant
Elf:3 3 runed translucent doors
Vaults:4 exclusion: 3 downstairs
Depths:2 exclusion: upstairs
Zot:2 2 transporters, edwinsage's ghost, legendary GrEE
Zot:5 1 exclusion


Innate Abilities, Weirdness & Mutations

You are too large for most types of armour.
You have a pair of small horns on your head.
You have tough skin. (AC +1)
You gain doubled healing and magic from potions.
Whenever you drink a healing potion, you attack all around you.
You have sharp fingernails.
You have sharp toenails.
Your mind is acute. (Int +4, Str/Dex -1)
Armour fits poorly on your strangely shaped body.
You are very frail. (-20% HP)
Your spells are easier to cast, but less powerful.


Message History

You thrash Galagor!!
Galagor convulses!
You claw Galagor.
Galagor is moderately wounded.
You punish Galagor, causing immense pain!!!
Galagor convulses!!
You claw Galagor! You headbutt Galagor.
Galagor is severely wounded.
You block Galagor's attack.
You thrash Galagor!!
Galagor convulses!
You kill Galagor!
The chaos spawn degenerates into a cloud of primal chaos!
The orange demon disappears in a puff of smoke!
Your Translocations skill increases to level 15!
Your extra speed is starting to run out.
A soul eater comes into view.
Press: ? - help, Dir - move target, f - soul eater Heal: a soul eater (chance to pacify: 61%)
The soul eater turns neutral.
A demonspawn black sun comes into view.
It is wielding a +1 demon trident of pain.
Press: ? - help, Dir - move target, f - demonspawn black sun, p - soul eater Heal: a demonspawn black sun, wielding a +1 demon trident of pain and wearing a +0 ring mail (chance to pacify: 44%)
The light of Elyvilon fails to reach the demonspawn black sun.
Press: ? - help, Dir - move target, f/p - demonspawn black sun Heal: a demonspawn black sun, wielding a +1 demon trident of pain and wearing a +0 ring mail (chance to pacify: 44%)
The light of Elyvilon fails to reach the demonspawn black sun.
You feel yourself slow down.
Press: ? - help, Dir - move target, f/p - demonspawn black sun Heal: a demonspawn black sun, wielding a +1 demon trident of pain and wearing a +0 ring mail (chance to pacify: 44%)
The demonspawn black sun turns neutral.
There is a staircase leading out of the dungeon here.
There is a staircase leading out of the dungeon here.
Okay, then.
Unknown command.
As you read the scroll of butterflies, it crumbles to dust.
You hear the flapping of tiny wings.
Press: ? - help, Dir - move target, f - butterfly Heal: a butterfly (summoned, friendly, mindless) Nothing appears to happen.
Press: ? - help, Dir - move target, f - butterfly, p - butterfly Heal: a butterfly (summoned, friendly, mindless) Nothing appears to happen.
You have escaped!

#.# #.#......................##.
#.# ##.##..................#####.
#.# #..........#......#.#..#####.
#.# #..##..L..###..........##....
#.# #..##......#...b.............
#.# #..............b..#..........
#.# #..##..#..>#.b.#.)...........
#.# #..##.###.###.###............
#.###..##..#{{.#@..#{.#....#>....
#......##...b....bbb..#....##...#
#####.......bb.#b.bbb......##.###
#.###...b.###bb.b.........# #.#
#......#{.b.b.##..##..# #.#
#......[...b......##..### #.#
#...##..##.#.####.......# #.#
##..##.......# ####..#.# #.#
##.###>#.#..# #..#.#


There were no monsters in sight!

Vanquished Creatures
  Frederick (Depths:3)
  3 dread liches (Zot:5)
  Tiamat (Zot:3)
  2 ancient liches (Zot:5)
  4 orbs of fire
  A juggernaut (Depths:2)
  A royal mummy (Depths:2)
  Xtahua (Vaults:4)
  Boris (Depths:2)
  Bai Suzhen (Depths:1)
  A Killer Klown (Zot:5)
  Vashnia (Snake:2)
  3 caustic shrikes (Depths:4)
  Geryon (Hell)
  6 golden dragons
  Jory (Crypt:3)
  2 profane servitors
  A bone dragon (Crypt:3)
  3 electric golems
  A hellephant (Abyss:3)
  14 tentacled monstrosities
  Mlioglotl (Shoals:1)
  A pandemonium lord (D:1)
  An Ice Fiend (IceCv)
  25 Orb Guardians (Zot:5)
  4 liches
  7 quicksilver dragons
  3 walking divine tomes
  4 death cobs
  2 krakens
  A deep elf master archer (Elf:3)
  3 sphinxes
  An ancient champion (Crypt:2)
  An Executioner (Abyss:2)
  8 shadow dragons
  Frances (Shoals:1)
  10 tentacled starspawn
  Agnes (Snake:4)
  12 storm dragons
  A tengu reaver (Depths:1)
  Aizul (Snake:1)
  7 nagarajas (Snake:4)
  Donald (Shoals:1)
  8 draconian knights
  Roxanne (Snake:1)
  7 frost giants
  2 revenants
  3 draconian shifters (Zot:2)
  15 vault wardens
  4 draconian monks
  3 fire giants
  3 iron dragons
  7 deep elf sorcerers
  3 ghost moths
  A caustic shrike zombie (Crypt:3)
  2 deep elf elementalists (Elf:3)
  10 draconian scorchers
  2 orc warlords
  5 ghouls
  3 draconian stormcallers
  An angel (Shoals:4)
  2 reapers (Hell)
  6 draconian annihilators
  4 spriggan defenders
  16 ironbound preservers
  2 formless jellyfish
  12 very ugly things
  A cacodemon (Abyss:3)
  13 ironbound thunderhulks
  6 stone giants
  3 deep elf demonologists
  2 vampire knights
  6 war gargoyles (Vaults:4)
  7 yellow draconians
  7 deep elf death magi
  7 spark wasps
  10 dire elephants
  6 deep elf annihilators
  15 black draconians
  13 green draconians
  A lorocyproca (Depths:2)
  9 white draconians
  9 red draconians
  A crystal guardian (Vaults:4)
  7 purple draconians
  13 eidola
  9 ettins
  2 mummy priests (Depths:2)
  3 blizzard demons
  8 merfolk javelineers (Shoals:4)
  8 yaktaur captains
  2 jiangshi (Crypt:1)
  11 merfolk impalers
  10 fire dragons
  2 entropy weavers
  4 rakshasas
  3 deep elf high priests (Elf:3)
  6 ice dragons
  A spriggan zombie (Crypt:3)
  13 vault guards
  6 great orbs of eyes
  4 spriggan air magi
  2 peacekeepers (Vaults:4)
  A caustic shrike simulacrum (IceCv)
  A salamander tyrant (Snake:3)
  8 ironbound frosthearts
  7 anacondas
  6 hydras
  4 alligator snapping turtles
  3 catoblepae
  6 merfolk avatars
  16 centaur warriors
  3 satyrs
  6 boulder beetles
  11 deep troll shamans
  19 naga warriors
  6 death knights
  7 vampire magi
  7 two-headed ogres
  4 merfolk aquamancers
  8 spriggan berserkers
  A titan zombie (Crypt:3)
  24 dancing weapons
  9 deep troll earth magi
  15 hell hogs
  A quicksilver ooze zombie (Crypt:1)
  2 death yaks (Lair:5)
  3 sun demons
  A demonic crawler (Abyss:3)
  11 thrashing horrors
  4 tengu warriors
  14 naga sharpshooters
  A shock serpent (shapeshifter) (Depths:2)
  4 soul eaters
  10 deep elf knights
  A fire crab (shapeshifter) (Depths:3)
  5 skysharks
  2 storm dragon zombies (Crypt:3)
  30 hell knights
  8 occultists
  9 shock serpents
  14 iron trolls
  3 sixfirhies
  3 salamander mystics
  Amaemon (D:11)
  7 spectral anacondas
  4 wretched stars
  A spatial maelstrom (Abyss:3)
  17 skeletal warriors
  9 sea snakes
  7 arcanists
  A bunyip zombie (Crypt:3)
  3 cherubim
  A deep troll (shapeshifter) (Depths:3)
  4 flayed ghosts
  A sun moth (shapeshifter) (Depths:2)
  A death drake (shapeshifter) (D:14)
  5 mana vipers
  4 naga ritualists
  7 anaconda zombies (Snake:4)
  3 glowing orange brains
  A bog body (IceCv)
  An anaconda skeleton (Snake:2)
  43 deep trolls
  24 phantasmal warriors
  32 deep elf pyromancers
  An iron giant skeleton (Crypt:2)
  12 orc knights
  11 spriggan simulacra (IceCv)
  Pikel (D:8)
  8 deep elf archers
  9 ironbound convokers
  An obsidian statue (IceCv)
  An alligator zombie (Crypt:3)
  6 necromancers
  11 harpies
  24 deep elf zephyrmancers
  A harpy (shapeshifter) (Elf:1)
  12 lindwurms
  36 ugly things
  12 fauns
  An iron dragon zombie (Crypt:3)
  A will-o-the-wisp (Abyss:3)
  A stone giant zombie (Crypt:3)
  20 manticores
  2 iron dragon skeletons
  12 salamanders
  2 meliai (shapeshifter)
  5 kobold blastminers
  18 moths of wrath
  9 vault sentinels
  25 elephants
  23 black mambas
  24 large abominations
  4 water nymphs
  11 smoke demons
  3 dire elephant zombies
  2 cyclopes
  8 guardian serpents
  19 naga magi
  8 merfolk sirens
  25 starcursed masses
  2 orange demons
  A cane toad (shapeshifter) (D:14)
  3 rust devils
  2 hellions (Depths:2)
  A minotaur zombie (Gauntlet)
  A dire elephant skeleton (Crypt:2)
  3 unseen horrors
  2 black draconian zombies
  An alligator snapping turtle zombie (Crypt:3)
  11 cane toads
  A spectral sea snake (Snake:2)
  8 komodo dragons
  A catoblepas zombie (Crypt:2)
  6 anaconda simulacra
  13 freezing wraiths
  Maggie (D:8)
  A kobold demonologist (D:12)
  A komodo dragon (shapeshifter) (Depths:4)
  20 yaktaurs
  A tengu conjurer (Depths:3)
  5 efreet
  5 ice devils
  A grey draconian skeleton (Crypt:2)
  6 spectral nagas (Snake:2)
  3 ancient zymes
  A purple draconian skeleton (Crypt:2)
  7 trolls
  A sea snake skeleton (Snake:2)
  6 guardian mummies
  2 queen bees (shapeshifter) (Abyss:2)
  8 harpy zombies
  A polar bear (shapeshifter) (D:13)
  A polar bear (Lair:5)
  16 merfolk
  14 blink frogs
  A harpy skeleton (Abyss:2)
  2 spectral guardian serpents (Snake:2)
  5 hornets
  14 raiju
  3 raiju (shapeshifter)
  7 wind drakes
  3 dream sheep (Shoals:4)
  4 glass eyes
  8 snapping turtles
  Sigmund (D:4)
  A jumping spider (Vaults:2)
  2 air elementals
  3 shadows
  A centaur simulacrum (D:15)
  8 ynoxinuls
  5 spriggans
  13 water elementals
  5 wyverns
  An ettin skeleton (Crypt:1)
  14 slime creatures
  28 yaks
  13 wraiths
  4 steam dragons
  2 wargs
  A golden eye (Abyss:2)
  6 fire elementals
  2 basilisks
  12 vampire mosquitoes
  7 minotaur simulacra (IceCv)
  4 redbacks
  2 chaos spawn (Abyss:3)
  2 neqoxecs (Abyss:2)
  Edmund (D:5)
  3 swamp worms (Gauntlet)
  A spatial vortex (Abyss:3)
  3 harpy simulacra (IceCv)
  An acid dragon (D:9)
  2 naga zombies (Crypt:3)
  39 nagas
  21 water moccasins
  9 hell hounds
  Duvessa (D:7)
  2 black bears
  A lindwurm zombie (Crypt:1)
  A swamp drake (shapeshifter) (D:11)
  46 orc warriors
  3 sky beasts
  A dream sheep zombie (Crypt:1)
  A guardian serpent simulacrum (Snake:2)
  9 laughing skulls
  A sky beast (shapeshifter) (D:15)
  An ice beast (D:7)
  10 wolves
  A manticore zombie (Shoals:1)
  8 boggarts
  18 centaurs
  5 ogres
  A lemure (D:8)
  6 kobold brigands
  9 bullfrogs
  A brain worm (Abyss:3)
  7 earth elementals
  4 weeping skulls
  A draconian skeleton (Crypt:2)
  2 scorpions
  4 gnoll sergeants
  15 necrophages
  5 deep troll simulacra (IceCv)
  5 naga simulacra (Snake:2)
  9 small abominations
  A warg zombie (Crypt:2)
  A wyvern zombie (D:11)
  Dowan (D:7)
  11 wyvern skeletons (Crypt:3)
  5 wights (D:7)
  36 killer bees
  2 lindwurm simulacra (IceCv)
  2 vampire bats (D:15)
  2 electric eels (Lair:3)
  5 howler monkeys (D:11)
  3 bombardier beetles
  3 quasits (Abyss:3)
  5 hounds
  6 jellies (Lair:5)
  3 gnoll boudas (D:11)
  20 orc priests
  An iron imp (Abyss:3)
  Jessica (D:2)
  29 orc wizards
  A human skeleton (Crypt:1)
  7 iguanas
  Natasha (thrice) (D:2)
  A boggart skeleton (Crypt:1)
  A tengu zombie (Crypt:1)
  A tengu skeleton (Crypt:1)
  An acid dragon skeleton (Crypt:2)
  A naga skeleton (Snake:2)
  3 mummies
  Robin (D:3)
  30 gnolls
  9 adders
  A river rat (D:4)
  2 shadow imps
  6 white imps
  9 ufetubi
  A ribbon worm (D:2)
  2 dart slugs
  77 orcs
  5 bat zombies (D:15)
  9 endoplasms
  7 giant cockroaches
  19 goblins
  6 hobgoblins
  9 jackals
  6 quokkas
  7 ball pythons
  7 bats
  3 frilled lizards
  6 kobolds
  10 rats
  3 starspawn tentacles
  6 tentacles (Shoals:4)
2338 creatures vanquished.

Vanquished Creatures (others)
  2 caustic shrikes (Depths:4)
  An eldritch tentacle (Abyss:3)
  A fire giant (D:15)
  A deep elf sorcerer (Depths:3)
  A vault warden (Vaults:4)
  A draconian annihilator (Zot:3)
  A draconian stormcaller (Zot:3)
  A spark wasp (Depths:2)
  2 vault guards
  A merfolk aquamancer (Shoals:4)
  3 death yaks (Lair:1)
  A spriggan berserker (Depths:4)
  A shadow demon (D:9)
  2 ironbound convokers
  2 elephants (Lair:3)
  4 yaktaurs (Vaults:1)
  A tormentor (D:1)
  A hornet (Depths:1)
  A blink frog (Abyss:3)
  An air elemental (Elf:2)
  A spriggan (Depths:1)
  A water elemental (Elf:2)
  A yak (Lair:2)
  A basilisk (Lair:1)
  3 water moccasins
  An orc warrior (Orc:1)
  A boggart (Vaults:1)
  2 ogres
  3 wolves (Lair:3)
  6 killer bees (Lair:1)
  A starcursed mass (Abyss:3)
  A gnoll (D:9)
  4 orcs
  6 ball lightnings (Elf:2)
  13 foxfires
  23 starspawn tentacles
  44 tentacles
141 creatures vanquished.

Grand Total: 2479 creatures vanquished

Notes
Turn   | Place    | Note
-------+----------+-------------------------------------------
     0 | D:5      | FexLirch the Oni Delver began the quest for the Orb.
     0 | D:5      | Reached XP level 1. HP: 24/24 MP: 1/1
    29 | D:4      | Noticed an iguana
    50 | D:6      | Noticed a steam dragon
   235 | D:5      | Noticed a centaur
   239 | D:4      | Noticed an iguana
   351 | D:2      | Reached XP level 2. HP: 32/32 MP: 2/2
   436 | D:1      | Found Yluot's Distillery.
   513 | D:1      | Found Eresymos's Antique Weapon Shop.
   525 | D:1      | Reached XP level 3. HP: 40/40 MP: 3/3
   533 | D:1      | Found Archerara's General Store.
   553 | D:1      | Found Quupuox's Distillery.
   690 | D:1      | Found Dysipul's Magic Scroll Boutique.
   696 | D:1      | Bought a scroll of teleportation for 39 gold pieces
  1007 | D:2      | Noticed Natasha
  1274 | D:2      | Reached XP level 4. HP: 33/49 MP: 4/4
  1281 | D:2      | Noticed Jessica
  1332 | D:2      | Killed Natasha
  1550 | D:2      | Noticed Natasha
  1570 | D:3      | Reached skill level 5 in Fighting
  1570 | D:3      | Reached XP level 5. HP: 41/57 MP: 5/5
  1662 | D:2      | Killed Jessica
  1717 | D:2      | Killed Natasha
  1929 | D:2      | Noticed Natasha
  1935 | D:2      | Killed Natasha
  2062 | D:3      | Reached XP level 6. HP: 66/66 MP: 6/6
  2616 | D:3      | Noticed Robin
  2637 | D:3      | Killed Robin
  2978 | D:4      | Noticed Sigmund
  3032 | D:4      | Reached skill level 5 in Maces & Flails
  3130 | D:4      | Learned a level 1 spell: Foxfire
  3206 | D:5      | Reached skill level 6 in Fighting
  3252 | D:5      | Reached XP level 7. HP: 42/75 MP: 7/7
  3382 | D:5      | Noticed Edmund
  3408 | D:6      | Noticed a steam dragon
  3408 | D:6      | Noticed a steam dragon
  3427 | D:6      | Killed a steam dragon
  3489 | D:6      | Killed a steam dragon
  3490 | D:6      | Reached XP level 8. HP: 46/84 MP: 8/8
  3548 | D:6      | Found a staircase to the Ecumenical Temple.
  3554 | Temple   | Entered the Ecumenical Temple
  3568 | Temple   | Became a worshipper of Elyvilon the Healer
  3599 | D:6      | Reached skill level 7 in Fighting
  3704 | D:6      | Identified the +10 hand axe "Quqa Miqa" {flame, Str+2}
  3734 | D:6      | Reached skill level 1 in Axes
  3734 | D:6      | Reached skill level 1 in Invocations
  3973 | D:1      | Bought 2 potions of curing for 60 gold pieces
  3993 | D:1      | Bought a potion of degeneration for 13 gold pieces
  3993 | D:1      | Bought a potion of curing for 39 gold pieces
  4143 | D:5      | Reached * piety under Elyvilon
  4344 | D:5      | Found Ysopifie's Book Emporium.
  4406 | D:5      | Killed Edmund
  4407 | D:5      | Reached skill level 5 in Dodging
  4714 | D:6      | Reached skill level 8 in Fighting
  4714 | D:6      | Reached XP level 9. HP: 95/96 MP: 11/11
  5032 | D:7      | Noticed Duvessa
  5032 | D:7      | Noticed Dowan
  5036 | D:7      | Killed Duvessa
  5039 | D:7      | Killed Dowan
  5045 | D:7      | Noticed a troll
  5049 | D:7      | Killed a troll
  5050 | D:7      | Reached skill level 5 in Axes
  5111 | D:7      | Noticed a boulder beetle
  5118 | D:7      | Killed a boulder beetle
  5119 | D:7      | Reached skill level 9 in Fighting
  5119 | D:7      | Reached skill level 5 in Invocations
  5203 | D:7      | Noticed a deep elf pyromancer
  5203 | D:7      | Noticed a tengu warrior
  5203 | D:7      | Noticed a skeletal warrior
  5264 | D:7      | Reached XP level 10. HP: 109/109 MP: 14/14
  5532 | D:7      | Reached ** piety under Elyvilon
  5601 | D:7      | Reached skill level 10 in Fighting
  5691 | D:7      | Gained mutation: Armour fits poorly on your strangely
                  | shaped body. [potion of mutation]
  5691 | D:7      | Gained mutation: Your mind is acute. (Int +4, Str/Dex -1)
                  | [potion of mutation]
  5691 | D:7      | Gained mutation: Your muscles are strong. (Str +4, Int/Dex
                  | -1) [potion of mutation]
  5692 | D:7      | Lost mutation: Your muscles are strong. (Str +4, Int/Dex
                  | -1) [potion of mutation]
  5692 | D:7      | Lost mutation: Armour fits poorly on your strangely shaped
                  | body. [potion of mutation]
  5692 | D:7      | Gained mutation: You are partially covered in iridescent
                  | scales. (AC +2) [potion of mutation]
  5692 | D:7      | Gained mutation: You are covered in fur. (AC +1) [potion of
                  | mutation]
  5692 | D:7      | Lost mutation: You are covered in fur. (AC +1) [potion of
                  | mutation]
  5692 | D:7      | Gained mutation: Your movements are slightly less
                  | encumbered by armour. (ER -2) [potion of mutation]
  5821 | D:8      | Noticed Maggie
  6084 | D:8      | Noticed Pikel
  6096 | D:8      | Killed Pikel
  6450 | D:9      | Found a sacrificial altar of Ru.
  6510 | D:9      | Reached *** piety under Elyvilon
  6809 | D:10     | Entered Level 10 of the Dungeon
  6895 | D:9      | Reached skill level 11 in Fighting
  7112 | D:9      | Reached skill level 1 in Armour
  7145 | D:9      | Reached XP level 11. HP: 115/120 MP: 16/16
  7296 | D:10     | Reached **** piety under Elyvilon
  7470 | D:10     | Identified the -2 pair of gloves "Socodoix" {rCorr Dex+6}
  7522 | D:10     | Found a staircase to the Orcish Mines.
  7819 | D:10     | Found a basalt altar of Yredelemnul.
  7883 | D:10     | Noticed Erolcha
  8223 | D:4      | Killed Sigmund
  8892 | D:10     | Pacified Erolcha
  8934 | D:10     | Identified the ring "Hotsetta" {rF+ rC+ Will+ Str-5}
  9189 | D:11     | Found Saoreloe's Antique Weapon Boutique.
  9261 | D:11     | Reached skill level 1 in Staves
  9327 | D:11     | Noticed a two-headed ogre
  9398 | D:11     | Noticed Amaemon
  9486 | D:11     | Killed a two-headed ogre
  9536 | D:11     | Reached ***** piety under Elyvilon
  9816 | D:11     | Found a staircase to the Lair.
  9937 | D:11     | Reached skill level 10 in Staves
  9944 | D:11     | Reached XP level 12. HP: 127/131 MP: 18/18
 10103 | D:11     | Killed Amaemon
 10182 | D:11     | Noticed an entropy weaver
 10208 | D:11     | Noticed an entropy weaver
 10209 | D:11     | an entropy weaver changed into a swamp dragon
 10301 | D:11     | Identified the ring "Ypnasoovyss" {Fly rPois rC- Str+7}
 10362 | D:11     | Noticed a two-headed ogre
 10373 | D:11     | Killed a two-headed ogre
 10642 | D:1      | Bought a scarf of resistance for 448 gold pieces
 10855 | D:8      | Killed Maggie
 11289 | D:12     | Found Zieserch's General Store.
 11674 | D:12     | Learned a level 2 spell: Blink
 11792 | D:12     | Reached skill level 12 in Fighting
 11840 | D:12     | Noticed a two-headed ogre
 11846 | D:12     | Killed a two-headed ogre
 11919 | D:13     | Noticed a tengu warrior
 11921 | D:13     | Pacified a tengu warrior
 12047 | D:13     | Noticed an eight-headed hydra
 12134 | Lair:1   | Entered Level 1 of the Lair of Beasts
 12140 | Lair:1   | Noticed a death yak
 12141 | Lair:1   | Noticed a death yak
 12141 | Lair:1   | Noticed a death yak
 12141 | Lair:1   | Noticed a death yak
 12141 | Lair:1   | Noticed a death yak
 12141 | Lair:1   | Noticed a death yak
 12143 | Lair:1   | Pacified a death yak
 12144 | Lair:1   | Reached skill level 1 in Throwing
 12145 | Lair:1   | Pacified a death yak
 12148 | Lair:1   | Pacified a death yak
 12150 | Lair:1   | Pacified a death yak
 12150 | Lair:1   | Killed a death yak
 12151 | Lair:1   | Reached XP level 13. HP: 86/141 MP: 8/20
 12238 | D:11     | Reached skill level 10 in Invocations
 12321 | Lair:1   | Reached skill level 13 in Fighting
 12670 | Lair:1   | Identified the ring of Gagatym {rC+ AC+4 Str+2}
 12694 | Lair:1   | Reached skill level 10 in Maces & Flails
 13696 | Lair:2   | Noticed Sonja
 13698 | Lair:2   | Pacified Sonja
 13976 | Lair:2   | Found a staircase to the Snake Pit.
 14272 | Lair:3   | Reached skill level 5 in Throwing
 14298 | Lair:3   | Reached skill level 14 in Fighting
 14298 | Lair:3   | Reached XP level 14. HP: 140/156 MP: 20/22
 14377 | Lair:3   | Found a staircase to the Shoals.
 15292 | Lair:4   | Reached ****** piety under Elyvilon
 15882 | Lair:4   | Found a blossoming altar of Fedhas.
 15979 | Lair:5   | Entered Level 5 of the Lair of Beasts
 16306 | Lair:5   | Noticed a dire elephant
 16311 | Lair:5   | Pacified a dire elephant
 16442 | Lair:5   | Learned a level 3 spell: Ozocubu's Armour
 16515 | Lair:5   | Found a staircase to the Slime Pits.
 16528 | Lair:5   | Found a viscous altar of Jiyva.
 16652 | Lair:5   | Reached skill level 15 in Fighting
 16830 | Lair:5   | Reached skill level 1 in Ice Magic
 17010 | Lair:5   | Found a burning altar of Makhleb.
 17159 | Orc:1    | Entered Level 1 of the Orcish Mines
 17294 | Orc:1    | Reached XP level 15. HP: 167/167 MP: 24/24
 17352 | Orc:2    | Entered Level 2 of the Orcish Mines
 17354 | Orc:2    | Noticed Josephine
 17356 | Orc:2    | Pacified Josephine
 17429 | Orc:2    | Found a gate leading to a gauntlet.
 17445 | Gauntlet | Entered a Gauntlet
 17445 | Gauntlet | Found a transporter.
 17445 | Gauntlet | Found a transporter.
 17457 | Gauntlet | Found a transporter.
 17460 | Gauntlet | Found a transporter.
 17471 | Gauntlet | Found a transporter.
 17475 | Gauntlet | Found a runed translucent door.
 17475 | Gauntlet | Found a runed translucent door.
 17479 | Gauntlet | Found a transporter.
 17497 | Gauntlet | Found a transporter.
 17514 | Gauntlet | Found a transporter.
 17517 | Gauntlet | Found a transporter.
 17529 | Gauntlet | Found a transporter.
 17530 | Gauntlet | Found a transporter.
 17612 | Gauntlet | Found a transporter.
 17643 | Gauntlet | Identified the +0 cloak of Wyck {*Corrode rN+ Regen+}
 17675 | Gauntlet | Identified the +2 rapier "Xoudgh" {protect, +Blink rPois
                  | Int+4}
 18797 | D:13     | Reached skill level 5 in Armour
 19059 | D:13     | Found a gate to the Vaults.
 19998 | D:15     | Entered Level 15 of the Dungeon
 20270 | D:15     | Found a staircase to the Depths.
 20602 | D:15     | Found a portal to a secret trove of treasure.
 20685 | D:15     | Reached skill level 16 in Fighting
 20901 | D:15     | Reached XP level 16. HP: 141/179 MP: 26/26
 21166 | D:15     | Found an ancient bone altar of Kikubaaqudgha.
 21492 | Depths:1 | Entered Level 1 of the Depths
 21492 | Depths:1 | Found Fiydah's Book Emporium.
 21604 | Depths:1 | Noticed a lich
 21617 | Depths:1 | Killed a lich
 21774 | Depths:1 | Found a one-way gateway to a ziggurat.
 21959 | Depths:2 | Found a one-way gate to the infinite horrors of the Abyss.
 22323 | Depths:2 | Noticed a tengu reaver
 22752 | Depths:2 | Pacified a tengu reaver
 22802 | Depths:2 | HP: 2/180 [spark wasp (15)]
 22803 | Depths:2 | Reached skill level 5 in Ice Magic
 23384 | Depths:1 | Found a gateway to Hell.
 23428 | Depths:1 | Reached skill level 15 in Maces & Flails
 23680 | Snake:1  | Entered Level 1 of the Snake Pit
 23685 | Snake:1  | Noticed Roxanne
 23694 | Snake:1  | Killed Roxanne
 23737 | Snake:1  | Found a shimmering altar of Xom.
 23747 | Snake:1  | Identified the serpent talisman of the Mind {Int+3 Dex+4}
 23747 | Snake:1  | Noticed Aizul
 23767 | Snake:1  | Killed Aizul
 23892 | Snake:1  | Found a glacial archway.
 23915 | IceCv    | Entered an ice cave
 24378 | IceCv    | Noticed an Ice Fiend
 24384 | IceCv    | Reached XP level 17. HP: 189/189 MP: 27/27
 24397 | IceCv    | Reached skill level 17 in Fighting
 24406 | IceCv    | Killed an Ice Fiend
 25558 | Snake:2  | Reached skill level 1 in Shields
 25884 | Temple   | Fell from the grace of Elyvilon
 25884 | Temple   | Became a worshipper of the Shining One
 25884 | Temple   | Reached * piety under the Shining One
 25884 | Temple   | Reached ** piety under the Shining One
 26554 | Snake:2  | Noticed Vashnia
 26600 | Snake:2  | Killed Vashnia
 26915 | Snake:3  | Reached skill level 1 in Translocations
 27442 | Snake:3  | Reached skill level 15 in Invocations
 28207 | Snake:4  | Entered Level 4 of the Snake Pit
 28321 | Snake:4  | Reached *** piety under the Shining One
 28339 | Snake:4  | Reached XP level 18. HP: 202/202 MP: 29/29
 28392 | Snake:4  | Reached skill level 18 in Fighting
 28858 | Snake:4  | Noticed Agnes
 28878 | Snake:4  | Killed Agnes
 29327 | Snake:4  | Identified the +8 glaive "Orumair" {antimagic, *Noise rPois
                  | Will+ Int+5}
 29480 | Snake:4  | Reached **** piety under the Shining One
 30443 | Snake:4  | Got a serpentine rune of Zot
 30631 | Shoals:1 | Entered Level 1 of the Shoals
 30752 | Shoals:1 | Noticed Frances
 30766 | Shoals:1 | Killed Frances
 30880 | Shoals:1 | Reached skill level 5 in Shields
 31179 | Shoals:1 | Found Zuepipt's Antique Armour Shoppe.
 31186 | Shoals:1 | Noticed Mlioglotl
 31197 | Shoals:1 | Killed Mlioglotl
 31419 | Shoals:1 | Noticed Donald
 31763 | Shoals:1 | Killed Donald
 31927 | Shoals:1 | Reached XP level 19. HP: 63/214 MP: 27/31
 32280 | Shoals:2 | Reached skill level 5 in Translocations
 33046 | Shoals:2 | Identified the +0 robe "Pusat" {Will+ SInv}
 33491 | Orc:2    | Found a staircase to the Elven Halls.
 33929 | Orc:2    | Found Bitume's Book Shoppe.
 33929 | Orc:2    | Found Ziyw Kof's Antique Armour Shop.
 33929 | Orc:2    | Found Megiucih's Assorted Antiques.
 33932 | Orc:2    | Found Awisiciu's Armour Emporium.
 33941 | Orc:2    | Bought a scroll of enchant weapon for 180 gold pieces
 33944 | Orc:2    | Bought a book of Spatial Translocations for 198 gold pieces
 33947 | Orc:2    | Learned a level 2 spell: Lesser Beckoning
 34630 | Vaults:1 | Entered Level 1 of the Vaults
 34671 | Vaults:1 | Reached skill level 19 in Fighting
 34943 | Vaults:2 | Reached ***** piety under the Shining One
 34996 | Vaults:2 | Paralysed by a formless jellyfish for 1 turns
 35153 | Vaults:2 | Found Utzaph's General Store.
 35160 | Vaults:2 | Bought 2 potions of heal wounds for 110 gold pieces
 35160 | Vaults:2 | Bought a scroll of teleportation for 33 gold pieces
 35433 | Vaults:2 | Reached skill level 10 in Armour
 35844 | Vaults:1 | Found Leigyore's Weapon Shop.
 36921 | Depths:1 | Reached XP level 20. HP: 206/226 MP: 32/32
 37395 | Depths:1 | Reached ****** piety under the Shining One
 37628 | Depths:1 | Noticed Bai Suzhen
 37643 | Depths:1 | Killed Bai Suzhen
 38377 | Depths:2 | Identified a +8 sacred scourge of holy wrath (a +6 demon
                  | whip blessed by the Shining One)
 38377 | Depths:2 | Received a gift from the Shining One
 38432 | Depths:2 | Found a one-way gate leading to the halls of Pandemonium.
 38440 | Depths:2 | Reached skill level 20 in Fighting
 38709 | Temple   | Fell from the grace of the Shining One
 38709 | Temple   | Became a worshipper of Elyvilon the Healer
 38971 | Shoals:1 | Found Pihun's Antique Weapon Shop.
 39014 | Shoals:1 | Found Haimola's Jewellery Shoppe.
 39567 | Shoals:3 | Identified the +4 scimitar of Yshos {spect, rC+}
 39879 | Shoals:3 | Found Ditit's Overcharged Wands.
 40026 | Shoals:3 | Learned a level 4 spell: Passage of Golubria
 40172 | Shoals:3 | Found Aseg Puy's General Store.
 40504 | Shoals:4 | Entered Level 4 of the Shoals
 40873 | Shoals:4 | Found a glowing golden altar of the Shining One.
 41916 | Shoals:4 | Found a glowing silver altar of Zin.
 42019 | Shoals:4 | Reached XP level 21. HP: 226/239 MP: 31/33
 42238 | Shoals:4 | Got a barnacled rune of Zot
 42385 | Shoals:4 | Found a white marble altar of Elyvilon.
 43028 | Elf:1    | Entered Level 1 of the Elven Halls
 43113 | Elf:1    | Found Atic's Armour Shop.
 43292 | Elf:1    | Got the Volume of Striking and Support
 43343 | Elf:1    | Found Tebriaqa's Distillery.
 43348 | Elf:1    | Bought a potion of curing for 48 gold pieces
 43348 | Elf:1    | Bought a potion of curing for 48 gold pieces
 43349 | Elf:1    | Found Weckengy's Antique Weapon Shoppe.
 43516 | Elf:1    | Found Baomai's Weapon Boutique.
 43545 | Elf:1    | Found Urep's Antique Weapon Shoppe.
 43983 | Elf:2    | Found a runed translucent gate.
 43983 | Elf:2    | Found a runed translucent gate.
 43983 | Elf:2    | Found a runed translucent gate.
 44353 | Shoals:1 | Bought an amulet of reflection for 450 gold pieces
 44898 | Elf:2    | Identified the +4 ring mail of Kouloti {rElec Will- rCorr
                  | Int+9}
 44991 | Elf:2    | Found Yneet's General Store.
 45659 | Abyss:2  | Cast into level 2 of the Abyss (+2 trident of distortion)
 45798 | Abyss:2  | Reached skill level 21 in Fighting
 45833 | Elf:2    | Escaped the Abyss
 46163 | Elf:3    | Entered Level 3 of the Elven Halls
 47787 | Elf:3    | Reached XP level 22. HP: 220/247 MP: 33/35
 48351 | Elf:3    | Identified the +10 hand axe "Hulk" {venom, Fly rC- Int+2
                  | Dex+3}
 48351 | Elf:3    | Identified the +4 plate armour "Vuelilum" {rPois Will-
                  | Int+3}
 48572 | Elf:3    | Identified the +9 quarterstaff of Gin and Tonic {venom,
                  | ^Fragile rCorr Int+7 Dex+2}
 48572 | Elf:3    | Identified the +1 troll leather armour of Ytokh {rC+ Will+
                  | Regen+ Str+2}
 48578 | Elf:3    | Identified the +0 leather armour "Vuesa" {*Corrode rElec
                  | rPois rN+}
 48607 | Elf:3    | HP: 12/252 [poisoned by a reaper]
 48612 | Elf:3    | HP: 9/252 [poisoned by a reaper]
 49340 | Elf:3    | Found a runed translucent gate.
 49341 | Elf:3    | Found a runed translucent gate.
 49342 | Elf:3    | Found a runed translucent gate.
 49684 | Elf:3    | Identified the +3 ring mail of the Growing Gods {Int+4}
 49931 | Elf:3    | Got Nabroplum's Writings on Toxicity
 49934 | Elf:3    | Got the Meditations on Combustion
 49952 | Elf:3    | Identified the staff of the Ancients {rElec rN+ rCorr MP-9
                  | Dex+4 Air}
 49957 | Elf:3    | Identified the staff "Plog" {rPois rN+ Necro Tloc}
 49973 | Elf:3    | Identified the granite talisman of the Indestructible God
                  | {rF++ Int+2}
 50594 | Vaults:1 | Reached skill level 10 in Shields
 52445 | Vaults:2 | Reached skill level 10 in Translocations
 52786 | Vaults:2 | Identified the +4 great mace "Naseih" {freeze, ^Fragile
                  | rElec rF++ Str+2}
 53417 | Vaults:3 | Found Qaenwiwu's Distillery.
 53426 | Vaults:3 | Bought 2 potions of berserk rage for 230 gold pieces
 53426 | Vaults:3 | Bought a potion of berserk rage for 115 gold pieces
 53467 | Vaults:3 | Reached skill level 22 in Fighting
 54032 | Vaults:3 | Found a staircase to the Crypt.
 54259 | Vaults:3 | Reached XP level 23. HP: 244/263 MP: 34/36
 54315 | Vaults:3 | Paralysed by a formless jellyfish for 1 turns
 54324 | Vaults:3 | Paralysed by a formless jellyfish for 1 turns
 55441 | Vaults:4 | Identified the +2 robe of the Armoured One {rCorr Int+4}
 56267 | Vaults:4 | Noticed Xtahua
 56309 | Vaults:4 | Killed Xtahua
 57349 | Crypt:1  | Entered Level 1 of the Crypt
 59020 | Crypt:3  | Entered Level 3 of the Crypt
 59414 | Crypt:3  | Found a staircase to the Tomb.
 59579 | Crypt:3  | Found a basalt altar of Yredelemnul.
 59595 | Crypt:3  | Reached skill level 1 in Spellcasting
 59891 | Crypt:3  | Identified the ring of Botag {Fly Int+2}
 59924 | Crypt:3  | Reached XP level 24. HP: 253/275 MP: 34/37
 60182 | Crypt:3  | Noticed Jory
 60197 | Crypt:3  | Killed Jory
 60303 | Crypt:3  | Reached skill level 23 in Fighting
 61213 | Depths:2 | Noticed Boris
 61228 | Depths:2 | Killed Boris
 61380 | Depths:2 | Noticed a royal mummy
 61391 | Depths:2 | Killed a royal mummy
 61399 | Depths:2 | Found the amulet of Vitality {RegenMP++ Regen++}
 61675 | Depths:3 | Identified the orb of the Fifty Beasts {*channel, Will+++
                  | rCorr Stlth+ Conj}
 61675 | Depths:3 | Noticed Frederick
 62078 | Depths:3 | Noticed a juggernaut
 62528 | Depths:2 | Killed a juggernaut
 62649 | Depths:3 | Reached skill level 5 in Spellcasting
 63047 | Depths:3 | Killed Frederick
 63159 | Depths:4 | Entered Level 4 of the Depths
 63722 | Depths:4 | Reached XP level 25. HP: 275/289 MP: 38/38
 64002 | Depths:4 | Found Ugaupali's Antique Armour Shoppe.
 64004 | Depths:4 | Found Makly's Jewellery Emporium.
 64004 | Depths:4 | Found Eqah's Weapon Shoppe.
 64009 | Depths:4 | Found Hioqiopp's Assorted Antiques.
 64015 | Depths:4 | Bought a scroll of brand weapon for 285 gold pieces
 64510 | Depths:4 | Found a gate to the Realm of Zot.
 65031 | Depths:2 | Voluntarily entered the Abyss.
 65225 | Abyss:2  | Reached skill level 24 in Fighting
 65406 | Abyss:2  | Lost mutation: Your mind is acute. (Int +4, Str/Dex -1) [a
                  | neqoxec]
 65410 | Abyss:2  | Gained mutation: Your body sometimes deteriorates upon
                  | taking damage. [a neqoxec]
 65490 | Abyss:2  | Paralysed by an air elemental for 1 turns
 65727 | Abyss:2  | Found a corrupted altar of Lugonu.
 65822 | Abyss:2  | Reached skill level 15 in Armour
 65930 | Abyss:3  | Found a corrupted altar of Lugonu.
 66146 | Abyss:3  | Found a corrupted altar of Lugonu.
 66502 | Abyss:3  | Found a corrupted altar of Lugonu.
 66550 | Abyss:3  | Got an abyssal rune of Zot
 66560 | Abyss:3  | Paralysed by accursed screaming for 1 turns
 66624 | Depths:2 | Escaped the Abyss
 66660 | Hell     | Entered the Vestibule of Hell
 66660 | Hell     | Noticed Geryon
 66670 | Hell     | Killed Geryon
 66699 | Hell     | Found a gateway to the Iron City of Dis.
 66889 | D:15     | You paid a toll of the horn of Geryon to enter a treasure
                  | trove
 66890 | Trove    | Entered a treasure trove
 66909 | Trove    | Identified the ring "Yroawito" {^Drain rF+++ Str-3 Dex+6
                  | SInv}
 66918 | Trove    | Identified the ring "Luynatz" {rF+ rC+ Slay+4 Stlth+}
 66920 | Trove    | Identified the amulet "Hezinuh" {RegenMP rC- rCorr Int+2
                  | Slay+2}
 66925 | Trove    | Identified the ring of Sovereignty {rF+ rC- rN+ rCorr}
 66927 | Trove    | Identified the amulet "Icvunnok" {Faith rF+ rC- Str+3
                  | Int+2}
 66929 | Trove    | Identified the ring "Mell" {rF++ EV+5 Int-5 Dex+2}
 67116 | Zot:1    | Entered Level 1 of the Realm of Zot
 67218 | Depths:4 | Reached XP level 26. HP: 198/302 MP: 38/38
 67428 | Zot:1    | Identified a scroll of acquirement
 67437 | Zot:1    | Acquired the +1 tower shield "Oshroguv" {Regen+ Stlth+}
 68445 | Zot:2    | Noticed an orb of fire
 68452 | Zot:2    | Gained mutation: Potions are less effective at restoring
                  | your health. [an orb of fire]
 68456 | Zot:2    | Gained mutation: You occasionally lose the ability to read
                  | scrolls when taking damage. [an orb of fire]
 68484 | Zot:2    | Gained mutation: You are weak. (Str -2) [an orb of fire]
 68485 | Zot:2    | Gained mutation: Armour fits poorly on your strangely
                  | shaped body. [an orb of fire]
 68487 | Zot:2    | Killed an orb of fire
 68490 | Zot:2    | Lost mutation: You are weak. (Str -2) [potion of mutation]
 68490 | Zot:2    | Lost mutation: You are partially covered in iridescent
                  | scales. (AC +2) [potion of mutation]
 68490 | Zot:2    | Gained mutation: You have hidden genetic defects. [potion
                  | of mutation]
 68490 | Zot:2    | Gained mutation: Your spells are a little harder to cast,
                  | but a little more powerful. [potion of mutation]
 68491 | Zot:2    | Lost mutation: Your body sometimes deteriorates upon taking
                  | damage. [potion of mutation]
 68491 | Zot:2    | Lost mutation: Armour fits poorly on your strangely shaped
                  | body. [potion of mutation]
 68491 | Zot:2    | Gained mutation: You occasionally lose the ability to drink
                  | potions when taking damage. [potion of mutation]
 68491 | Zot:2    | Lost mutation: You occasionally lose the ability to drink
                  | potions when taking damage. [potion of mutation]
 68491 | Zot:2    | Gained mutation: Your natural rate of healing is unusually
                  | fast. [potion of mutation]
 68492 | Zot:2    | Lost mutation: Your movements are slightly less encumbered
                  | by armour. (ER -2) [potion of mutation]
 68492 | Zot:2    | Lost mutation: You occasionally lose the ability to read
                  | scrolls when taking damage. [potion of mutation]
 68492 | Zot:2    | Lost mutation: You have hidden genetic defects. [potion of
                  | mutation]
 68492 | Zot:2    | Lost mutation: Your natural rate of healing is unusually
                  | fast. [potion of mutation]
 68492 | Zot:2    | Gained mutation: You have large cloven feet. [potion of
                  | mutation]
 68493 | Zot:2    | Lost mutation: Potions are less effective at restoring your
                  | health. [potion of mutation]
 68493 | Zot:2    | Lost mutation: You have large cloven feet. [potion of
                  | mutation]
 68493 | Zot:2    | Lost mutation: Your spells are a little harder to cast, but
                  | a little more powerful. [potion of mutation]
 68493 | Zot:2    | Gained mutation: You have sharp toenails. [potion of
                  | mutation]
 68493 | Zot:2    | Gained mutation: You have sharp fingernails. [potion of
                  | mutation]
 68516 | Zot:3    | Acquired the +2 hood of the Assassin {Detect Stab+ Stlth++}
 68516 | Zot:3    | Found the +2 hood of the Assassin {Detect Stab+ Stlth++}
 69496 | Zot:2    | Reached skill level 25 in Fighting
 69540 | Zot:2    | Identified the +2 buckler of Knowledge {Dex+3}
 69788 | Zot:2    | Found a transporter.
 69792 | Zot:2    | Noticed edwinsage's ghost (legendary GrEE)
 69793 | Zot:2    | Found a bloodstained altar of Trog.
 69794 | Zot:2    | Identified the +0 cloak of the Hidden Vale {Str+2}
 69796 | Zot:2    | Identified the +0 cloak of the Eye-covered God {rElec rC+
                  | Will+}
 69800 | Zot:2    | Found a transporter.
 70964 | Zot:3    | You are sucked into a shaft and drop 1 floor!
 71309 | Zot:4    | Found the +4 dragonskin cloak
 71309 | Zot:4    | Noticed Tiamat
 71353 | Zot:3    | Killed Tiamat
 71655 | Zot:4    | Reached XP level 27. HP: 252/314 MP: 0/39
 72788 | Zot:5    | Entered Level 5 of the Realm of Zot
 73377 | Zot:5    | Noticed an ancient lich
 73382 | Zot:5    | Killed an ancient lich
 73440 | Zot:5    | Noticed a dread lich
 73441 | Zot:5    | Noticed a dread lich
 73446 | Zot:5    | Pacified a dread lich
 73448 | Zot:5    | Pacified a dread lich
 73487 | Zot:5    | Noticed a dread lich
 73497 | Zot:5    | Killed a dread lich
 73502 | Zot:5    | Noticed an orb of fire
 73504 | Zot:5    | Reached skill level 15 in Shields
 73518 | Zot:5    | Gained mutation: Your spells are a little easier to cast,
                  | but a little less powerful. [an orb of fire]
 73519 | Zot:5    | Gained mutation: Your mind is acute. (Int +4, Str/Dex -1)
                  | [an orb of fire]
 73521 | Zot:5    | Gained mutation: You are frail. (-10% HP) [an orb of fire]
 73528 | Zot:5    | Killed an orb of fire
 73747 | Zot:5    | Reached skill level 26 in Fighting
 73888 | Zot:5    | Noticed an orb of fire
 73902 | Zot:5    | Gained mutation: Armour fits poorly on your strangely
                  | shaped body. [an orb of fire]
 73913 | Zot:5    | Killed an orb of fire
 73925 | Zot:5    | Noticed an orb of fire
 73931 | Zot:5    | Noticed an ancient lich
 73939 | Zot:5    | Killed an ancient lich
 73947 | Zot:5    | Gained mutation: Your spells are easier to cast, but less
                  | powerful. [an orb of fire]
 73948 | Zot:5    | Gained mutation: You are very frail. (-20% HP) [an orb of
                  | fire]
 73960 | Zot:5    | Killed an orb of fire
 74006 | Zot:5    | Noticed a dread lich
 74011 | Zot:5    | Killed a dread lich
 74076 | Zot:5    | Noticed a dread lich
 74081 | Zot:5    | Killed a dread lich
 74126 | Zot:5    | Got the Orb of Zot
 74600 | D:9      | Noticed Subeaff the pandemonium lord
 74644 | D:6      | Noticed Finiuph the pandemonium lord
 74714 | D:1      | Noticed Galagor the pandemonium lord
 74734 | D:1      | Killed Galagor the pandemonium lord
 74735 | D:1      | Reached skill level 15 in Translocations
 74777 | D:$      | Escaped with the Orb!

Illustrated notes

Levels and vault maps discovered:
D:1:      minmay_arrival_five_plusses, layout_loops_ring, serial_shops, shop,
          shop, shop, shop, nicolae_shop_tiny_statue_garden,
          minmay_misc_feat_doors
D:2:      layout_basic, uniq_jessica, uniq_natasha
D:3:      kennysheep_goblin_castle, layout_basic, uniq_crazy_yiuf_cottage
D:4:      layout_basic, portal_sewer_entry_e, uniq_sigmund
D:5:      nicolae_cairo_tiling, layout_basic, nicolae_inconvenience_store,
          grunt_ministairs_1, minmay_manual_mares, uniq_edmund
D:6:      layout_rooms, minmay_temple_entry_hall
D:7:      nzn_winding_woodlands_stair_cross [nzn_winding_woodlands_5x15_crooked,
          nzn_winding_woodlands_center_pierced_h,
          nzn_winding_woodlands_5x15_lazy_stream,
          nzn_winding_woodlands_5x5_cross, nzn_winding_woodlands_5x5_perimeter,
          nzn_winding_woodlands_5x15_split_checker,
          nzn_winding_woodlands_center_lodge,
          nzn_winding_woodlands_5x15_sidewinder], layout_rooms, uniq_duvessa
D:8:      layout_loops_corners, uniq_pikel, uniq_maggie
D:9:      layout_cave_pods, nicolae_ru_great_annihilating_truth,
          kennysheep_generic_room_3
D:10:     layout_long_grid, mainiacjoe_overflow_brackets,
          kennysheep_orc_monster_closet_entryway, uniq_erolcha
D:11:     regret_index_malice_mire, layout_irregular_city,
          erik_lair_orcish_takeover, serial_shops, shop, uniq_amaemon
D:12:     layout_small_grid, serial_shops, nicolae_shop_trees
D:13:     layout_rooms, david_vaults_1
D:14:     layout_loops_ring
D:15:     hangedman_depths_entry_try_elsewhere_first, layout_irregular_city,
          nicolae_trove_entry_crossroad, chequers_jeans,
          kennysheep_vampire_church
Temple:   nicolae_temple_slightly_damp_pantheon
Lair:1:   wad_woods_minihive, layout_gridlike
Lair:2:   layout_small_grid, nicolae_snake_entry_squirm,
          small_statue_intersection, lemuel_fruit_fields, uniq_sonja
Lair:3:   layout_hall_layers, elwin_shoals_entry_rooms,
          chequers_serial_rivers_room_a, hellmonk_talismancer,
          grunt_megastairs_5, lemuel_fruit_tree, infiniplex_staircase_pool_2,
          serial_bayou_shore_a
Lair:4:   layout_roguey, minivault_26, tgw_fedhas
Lair:5:   evil_forest, layout_small_grid, nicolae_slime_entry_field_trip,
          kilobyte_rumbling_trees
Shoals:1: nicolae_shoals_island_circles, layout_shoals, serial_shops,
          nicolae_shop_back_alley_shop, shop, nicolae_shop_dealshenge,
          nicolae_shoals_undead_eyrie, uniq_frances, uniq_donald, uniq_mlioglotl
Shoals:2: nzn_motion_control, layout_shoals
Shoals:3: layout_shoals, serial_shops, nicolae_square_shop,
          nicolae_shop_overcharged_wands
Shoals:4: shoals_end_hellmonk_holy_island
Snake:1:  nicolae_snake_nest, layout_basic, portal_ice_cave_entry_dragon,
          basic_altar, uniq_roxanne, uniq_aizul
Snake:2:  layout_concentric_octagons, nicolae_snake_the_dead_are_slithering,
          uniq_vashnia
Snake:3:  layout_onion, serial_library, serial_library_hellmonk_room_b,
          serial_library_regret_index_multi,
          serial_library_hellmonk_open_square,
          serial_library_hellmonk_double_dead_end,
          serial_library_hellmonk_room_a, grunt_megastairs_4
Snake:4:  grunt_snake_rune_serpentine_throne, layout_onion,
          nicolae_snake_dead_anacondas, uniq_agnes
Orc:1:    layout_caves
Orc:2:    st_orc_rangers, layout_caves, gauntlet_entry_generic, uniq_josephine
Elf:1:    layout_geoelf_grid, serial_shops, nicolae_lakefront_shop, shop, shop,
          shop, shop, minmay_elf_sorcery, drop_trap, palyth_stone_intersect
Elf:2:    elven_hall_of_blades_hangedman_original [grunt_blade_entry_basic],
          layout_rooms, serial_aquarium, aquarium_bridge_straight
          [aquarium_subvault_bridge, aquarium_subvault_balcony,
          aquarium_subvault_bridge, aquarium_subvault_wall],
          aquarium_window_corridor_3, aquarium_window_fake,
          aquarium_window_fake, aquarium_window_fake, aquarium_view_2f,
          aquarium_view_4, aquarium_pool_2, serial_shops, nicolae_shop_crystal
Elf:3:    minmay_elf_hall_statues, layout_geoelf_diagonals,
          ploomutoo_gammafunk_ghost_potion_laboratory, special_room
          [special_room_orc], grunt_ministairs_2
Vaults:1: nicolae_vaults_taking_the_gang_shopping,
          nicolae_vaults_closet_pinwheel_4, vaults_mumra_hex, st_star,
          vaults_room_stairs_pillars, v_misc_12, hangedman_vaults_unwind,
          v_misc_32, nicolae_vaults_storage_room_doors,
          nicolae_vaults_big_angled_halls, grunt_vaults_bifocal,
          nicolae_vaults_specimen_jars, nicolae_vaults_little_ls,
          layout_vaults_maze
Vaults:2: nicolae_vaults_meeting, v_misc_18, v_alt_pattern_1, v_alt_pattern_1,
          nicolae_vaults_angled_halls, nicolae_vaults_twisting_passages,
          nicolae_vaults_wine_cellar, hangedman_vaults_cutoff, v_pattern_4,
          vaults_room_grunt_arrival_ludios, nicolae_vaults_variable_pillar_hall,
          ontoclasm_vaults_decontamination, nicolae_vaults_house_2,
          layout_vaults_chaotic_city, serial_shops,
          nicolae_shop_tiny_statue_garden, uniq_margery
Vaults:3: v_pattern_2, nicolae_vaults_storage_room_glass,
          vaults_room_semicircle, ontoclasm_vaults_loading_screen,
          nicolae_vaults_six-pack, vaults_room_hallway, blue_anna_dwarven_crypt,
          nicolae_vaults_tetromino_T_1, nicolae_vaults_storage_room_statues,
          layout_vaults_omnigrid, serial_shops, shop
Vaults:4: vaults_room_pool, serial_library_hellmonk_angled_corner, v_misc_14,
          nicolae_vaults_disjoint_gnomons, hangedman_vaults_locks,
          hangedman_vaults_slice, vaults_standard_mumra_lines, gargoyle_guard,
          nicolae_vaults_mini_display_case, nicolae_vaults_sealed_display,
          layout_vaults_big_cross, uniq_xtahua
Crypt:1:  layout_gridlike, grunt_megastairs_2
Crypt:2:  layout_misc_corridors
Crypt:3:  evilmike_haunted_forest, uniq_jory
Depths:1: minmay_the_grid_octo_tiled_octocenter_mashed
          [minmay_the_grid_octo_fat_diamond, minmay_the_grid_octo_thin_diamonds,
          minmay_the_grid_octo_odd_swirl, minmay_the_grid_octo_concentric,
          minmay_the_grid_octo_prize_big_c, minmay_the_grid_square_5x5_detours,
          minmay_the_grid_square_5x5_spiral, minmay_the_grid_square_5x5_eight,
          minmay_the_grid_square_5x5_empty], layout_twisted_cross,
          enter_ziggurat_d, grunt_decor_cap, serial_shops,
          nicolae_shop_getting_attention, hell_entry, nicolae_zig_zag_zippers,
          uniq_bai_suzhen
Depths:2: ragdoll_tomb_raider, layout_gridlike, hellmouth_3, serial_curves,
          eino_curves_03, eino_curves_01, eino_curves_04, abyss_entry,
          serial_bayou_shore_b, grunt_pan_entry_zigzag,
          hangedman_decor_diamond_cutter, uniq_boris
Depths:3: cheibrodos_leafed_vault, layout_cave_pools, hell_entry,
          nicolae_abyss_entry_one_way_or_another, minmay_misc_feat_alley,
          uniq_frederick
Depths:4: grunt_zot_entry_alcove, layout_gridville, hell_entry,
          roderic_roman_lattice, serial_sigils_hangedman_confine,
          eino_curves_01, minmay_shoptagon
Hell
Zot:1:    nicolae_zot_stationary_front, layout_cathedral_of_symmetry
Zot:2:    layout_gridlike, hangedman_zot_decor_scrapings,
          gammafunk_ghost_wrathful_warriors, lemuel_elevator
Zot:3:    layout_onion_interference
Zot:4:    layout_gridville, uniq_tiamat
Zot:5:    layout_cellular_growth, grunt_ministairs_11

Skill      XL: |  1  2  3  4  5  6  7  8  9 10 11 12 13 14 15 16 17 18 19 20 21 22 23 24 25 26 27 |
---------------+----------------------------------------------------------------------------------+-----
Dodging        | 2 3 4 5 7 8 |  8.0
Maces & Flails | 3 4 5 6 7 9 11 13 14 15 16 17 18 19 20 21 22 23 | 23.3
Fighting       | 5 6 8 9 11 12 14 15 16 17 18 19 20 21 22 23 24 25 26 | 26.3
Axes           | 4 7 9 |  9.8
Invocations    | 3 5 7 8 9 11 12 13 14 15 16 17 18 19 21 22 23 24 | 24.9
Armour         | 1 2 4 5 7 8 9 10 11 12 13 14 15 16 17 | 17.0
Staves         | 10 13 | 13.2
Throwing       | 2 5 6 |  6.0
Ice Magic      | 1 4 5 |  5.8
Shields        | 3 5 6 8 9 10 11 12 13 14 15 | 15.4
Translocations | 2 4 6 7 9 10 11 12 13 14 15 | 15.0
Spellcasting   | 2 5 |  5.0
Stealth        | |  3.7

Action                     |  1- 3 |  4- 6 |  7- 9 | 10-12 | 13-15 | 16-18 | 19-21 | 22-24 | 25-27 || total
---------------------------+-------+-------+-------+-------+-------+-------+-------+-------+-------++-------
  Melee: Mace              |    95 |   153 |    52 |       |       |       |       |       |       ||   300
         Headbutt          |    19 |    24 |    29 |    98 |   151 |   255 |   528 |   739 |   685 ||  2528
         Punch             |       |     2 |     1 |     8 |     1 |       |       |       |       ||    12
         War axe           |       |       |     1 |       |       |       |       |       |       ||     1
         Hand axe          |       |       |    95 |   479 |    47 |       |    86 |       |       ||   707
         Lajatang          |       |       |       |    53 |   736 |       |       |       |       ||   789
         Giant spiked club |       |       |       |       |    80 |  1063 |   619 |       |       ||  1762
         Sacred scourge    |       |       |       |       |       |       |  1186 |  2306 |  2228 ||  5720
         Kick              |       |       |       |       |       |       |       |       |   684 ||   684
   Fire: Sling             |    17 |    21 |     2 |       |       |       |       |       |       ||    40
  Throw: Stone             |     3 |       |       |       |       |       |       |       |       ||     3
         Dart              |       |     5 |     7 |    26 |     6 |    12 |       |     2 |       ||    58
         Boomerang         |       |       |     7 |    23 |    26 |    34 |    28 |       |     2 ||   120
         Large rock        |       |       |       |       |     8 |    10 |    12 |    19 |    59 ||   108
         Javelin           |       |       |       |       |       |     5 |     5 |       |     1 ||    11
         Throwing net      |       |       |       |       |       |     1 |       |       |       ||     1
   Cast: Foxfire           |       |       |     2 |     1 |     1 |     3 |       |       |       ||     7
         Blink             |       |       |       |     2 |     1 |     2 |     5 |     4 |     1 ||    15
         Ozocubu's Armour  |       |       |       |       |     1 |     5 |     3 |     1 |     1 ||    11
         Lesser Beckoning  |       |       |       |       |       |       |    67 |    55 |   108 ||   230
         Passage of Golubr |       |       |       |       |       |       |     5 |       |     4 ||     9
 Invoke: Heal Other        |       |       |       |    10 |    24 |    12 |     6 |    25 |    32 ||   109
         Heal Self         |       |       |       |       |     4 |     3 |     4 |     2 |     1 ||    14
         Purification      |       |       |       |       |     1 |     3 |     1 |     3 |     7 ||    15
         Divine Vigour     |       |       |       |       |     1 |       |       |       |     2 ||     3
         Divine Shield     |       |       |       |       |       |     3 |     5 |       |       ||     8
         Cleansing Flame   |       |       |       |       |       |     4 |     1 |       |       ||     5
         Brand Weapon With |       |       |       |       |       |       |     1 |       |       ||     1
  Evoke: Wand              |       |       |       |       |     3 |     1 |       |       |     3 ||     7
         Phantom mirror    |       |       |       |       |       |       |       |     1 |     1 ||     2
    Use: Scroll            |     2 |     5 |     8 |    11 |    16 |    13 |     9 |     8 |    11 ||    83
         Potion            |       |       |     2 |     2 |     5 |     5 |     7 |     3 |    20 ||    44
   Stab: Sleeping          |     6 |     3 |     3 |     3 |     4 |     2 |       |       |       ||    21
         Distracted        |       |       |     1 |       |       |       |     1 |       |     2 ||     4
         Paralysed         |       |       |       |     1 |       |       |       |       |       ||     1
 Armour: Robe              |    71 |   141 |    48 |       |       |       |       |       |       ||   260
         Steam dragon scal |       |       |    84 |   331 |       |       |       |       |       ||   415
         Troll leather arm |       |       |       |    76 |  1178 |   215 |       |       |       ||  1469
         Fire dragon scale |       |       |       |       |       |   736 |   630 |       |       ||  1366
         Ice dragon scales |       |       |       |       |       |   156 |       |       |       ||   156
         Storm dragon scal |       |       |       |       |       |       |   892 |  1285 |  1485 ||  3662
  Dodge: Dodged            |    53 |    75 |    85 |   231 |   666 |   513 |   445 |   320 |   384 ||  2772
  Block: Other             |       |       |       |       |       |    15 |    36 |       |       ||    51
         Kite shield       |       |       |       |       |       |       |   541 |  1193 |   712 ||  2446
         Reflection        |       |       |       |       |       |       |    14 |    49 |     8 ||    71
         Tower shield      |       |       |       |       |       |       |       |       |   405 ||   405
